 Dungeon Crawl Stone Soup version 0.31-a0-662-g684573625c (webtiles) character file.

Game seed: 17169965032144502687

62 CowFu the Ruffian (level 3, 0/28 HPs)
             Began as a Draconian Shapeshifter on Sept 1, 2023.
             Was a Believer of Dithmenos.
             Slain by Grinder (8 damage)
             ... on level 3 of the Dungeon.
             The game lasted 00:01:58 (1720 turns).

CowFu the Ruffian (Draconian Shapeshifter)          Turns: 1720, Time: 00:01:58

Health: 0/28       AC:  5    Str: 16    XL:     3   Next: 85%
Magic:  3/3        EV: 12    Int: 10    God:    Dithmenos [**....]
Gold:   87         SH:  0    Dex: 12    Spells: 2/2 levels left

rFire   . .          .
                       - Unarmed
rCold   . . .        (no shield)
rNeg    . . .        (body armour unavailable)
rPois   .            (helmet currently unavailable)
rElec   .            (cloak currently unavailable)
rCorr   .            (gloves currently unavailable)
SInv    .            (boots currently unavailable)
Will    .....        (no amulet)
Stlth   +            (no ring)
HPRegen 0.24/turn    (no ring)
MPRegen 0.08/turn

%: no passive effects
@: mighty, beast-form, wreathed by umbra
A: beast (slay +2), AC +5, unfitting armour, cold-blooded
a: Begin Untransformation, Renounce Religion, Shadow Step


You were on level 3 of the Dungeon.
You worshipped Dithmenos.
Dithmenos was pleased with you.
You were a hulking beast.
You visited 1 branch of the dungeon, and saw 3 of its levels.

You collected 87 gold pieces.

Inventory:

Armour
 f - a +0 cloak
 n - a +0 pair of gloves
Jewellery
 d - a ring of resist corrosion
Talismans
 b - a beast talisman (active)
 c - a flux talisman
 i - a serpent talisman
Wands
 m - a wand of mindburst (18)
Scrolls
 e - a scroll of immolation
 q - a scroll of revelation {unknown}
Potions
 a - a potion of lignification
 g - 2 potions of enlightenment
 j - a potion of heal wounds {unknown}
 l - a potion of resistance {unknown}
 p - a potion of degeneration {unknown}


   Skills:
 - Level 1.1 Fighting
 - Level 1.7 Dodging
 + Level 4.0 Unarmed Combat
 + Level 3.8 Shapeshifting


You had 2 spell levels left.
You didn't know any spells.
Your spell library contained the following spells:

 Spells                   Type           Power      Damage    Failure   Level
 Call Canine Familiar     Summ           0%         N/A       75%         3
 Portal Projectile        Hex/Tloc       0%         N/A       75%         3
 Leda's Liquefaction      Hex/Erth       0%         N/A       98%         4


Dungeon Overview and Level Annotations

Branches:
Dungeon (3/15)

Altars:
Dithmenos

Annotations:
D:3 Grinder


Innate Abilities, Weirdness & Mutations

You are a hulking beast.
Your limbs bulge with bestial killing power. (Slay +2)
Your plain brown scales are hard. (AC +5)
You cannot fit into any form of body armour.
You are cold-blooded and may be slowed by cold attacks.


Message History

There is a stone staircase leading up here.
As you read the scroll labelled WOEHOA ZIAN, it crumbles to dust.
It is a scroll of identify.
g - 2 potions of enlightenment
Found a leather armour.
No target in view!
A worm comes into view.
A worm is nearby!
You punch the worm!
The worm is heavily wounded.
The worm barely misses you.
You punch the worm!
You kill the worm!
Dithmenos accepts your kill.
No target in view!
You see here a staff of poison.
No target in view!
Grinder comes into view.
Grinder shouts!
Grinder is nearby!
Found 8 gold pieces.
Grinder hits you!
You writhe in agony.
You barely miss Grinder.
Your tail-slap misses Grinder.
Grinder blinks!
It was a potion of might.
You feel very mighty all of a sudden.
You closely miss Grinder. Grinder hits you.
You writhe in agony.
You pummel Grinder!! You punch Grinder.
Grinder is heavily wounded.
Grinder hits you.
You writhe in agony.
* * * LOW HITPOINT WARNING * * *
You punch Grinder!
Grinder is severely wounded.
Grinder barely misses you.
You hit Grinder.
Grinder is severely wounded.
Grinder hits you but does no damage.
You closely miss Grinder.
Grinder is severely wounded.
Grinder hits you!
You die...
Grinder says, "Now the real fun starts!"

.... #.. . ...
#.. .##.. #.#
.... ####.##
#..# . ......##
#..# .$
#...###..###...
#.#..|.5.....#
#.#....h.....#
#...###..###...
#..## #..#
######.## #..#
#......## ....
#.##....# .##..
#.##........
...
#<##...#####
##.# ####..[#
.#


You could see Grinder.

Vanquished Creatures
  An adder (D:2)
  A worm (D:3)
  5 bats
  10 endoplasms
  2 giant cockroaches
  5 goblins
  2 hobgoblins
  3 jackals (D:1)
  3 quokkas
  5 ball pythons
  A frilled lizard (D:2)
  2 kobolds (D:2)
  4 rats
44 creatures vanquished.

Notes
Turn   | Place    | Note
-------+----------+-------------------------------------------
     0 | D:1      | CowFu the Draconian Shapeshifter began the quest for the
                  | Orb.
     0 | D:1      | Reached XP level 1. HP: 16/16 MP: 1/1
    61 | D:1      | Found a faded altar of an unknown god.
   114 | D:1      | Reached XP level 2. HP: 22/23 MP: 2/2
   123 | D:1      | Prayed at the altar of an unknown god.
   123 | D:1      | Became a worshipper of Dithmenos the Shadowed
   123 | D:1      | Reached * piety under Dithmenos
   893 | D:2      | Reached XP level 3. HP: 25/28 MP: 3/3
  1120 | D:2      | Reached ** piety under Dithmenos
  1507 | D:2      | Reached skill level 4 in Unarmed Combat
  1710 | D:3      | Noticed Grinder
  1720 | D:3      | Slain by Grinder

Illustrated notes

Levels and vault maps discovered:
D:1:      onia_arrival_mini_spirals, layout_basic,
          hellmonk_ecumenical_altar_blasted
D:2:      layout_loops_cross
D:3:      layout_basic, palyth_stone_intersect, uniq_grinder, uniq_terence,
          uniq_robin

Skill      XL: |  1  2  3 |
---------------+----------+-----
Unarmed Combat | 4 |  4.0
Fighting       | |  1.1
Dodging        | |  1.7
Shapeshifting  | |  3.8

Action                     || total
---------------------------++-------
  Melee: Unarmed           ||    94
         Tailslap          ||     5
         Punch             ||     3
    Use: Scroll            ||     2
         Potion            ||     1
   Stab: Sleeping          ||     6
 Armour: Skin              ||    40
  Dodge: Dodged            ||    66

Table legend: (Time is in decaauts)
 A = Elapsed time spent in this place.
 B = Non-inter-level travel time spent in this place.
 C = Inter-level travel time spent in this place.
 D = Time resting spent in this place.
 E = Time spent auto-exploring this place.
 F = Levels seen in this place.
 G = Mean time per level.
                   A        B        C        D        E       F      G
               +--------+--------+--------+--------+--------+-----+--------+
         Total |   1718 |   1593 |    125 |      0 |   1310 |   3 |  572.7 |
       Dungeon |   1718 |   1593 |    125 |      0 |   1310 |   3 |  572.7 |
               +--------+--------+--------+--------+--------+-----+--------+

Top non-repeatable levels by time:
     D:1: 851 daAuts
     D:2: 838 daAuts
     D:3: 29 daAuts
